Selects Panzerjäger Kommand Battlegroup
Selects Blockade Equipment
Construct Light Support Kompanie
Selects GrB 39 Grenade Launcher Requisition
Selects Defensive Positions
Construct Mechanized Kompanie
254 Reconnaissance Tractor
18-tonne Recovery Half-track
Selects Butterfly Bomb Drop
Selects Crew Shock Tactics
Marder III Tank Destroyer
Marder III Tank Destroyer
Construct Panzerarmee Kommand
Marder III Tank Destroyer
18-tonne Recovery Half-track
Selects Elefant Tank Destroyer